 Dungeon Crawl Stone Soup version 0.23.2-30-g0e89c35 (webtiles) character file.

Game seed: 15705516343744077088

7678 Fortress the Fighter (level 10, -5/91 HPs)
             Began as a Pale Draconian Fire Elementalist on June 23, 2019.
             Was an Elder of Sif Muna.
             Slain by Snorg (7 damage)
             ... on level 10 of the Dungeon.
             The game lasted 00:58:24 (9689 turns).

Fortress the Fighter (DrFE)                         Turns: 9689, Time: 00:58:25

Health: -5/91      AC:  9    Str: 11    XL:     10   Next: 99%
Magic:  16/20      EV: 13    Int: 19    God:    Sif Muna [****..]
Gold:   487        SH:  0    Dex: 16    Spells: 9/23 levels left

rFire    . . .     SeeInvis .   P - +2 hand axe (venom)
rCold    + . .     Gourm    .   (no shield)
rNeg     . . .     Faith    .   (armour unavailable)
rPois    .         Spirit   .   (helmet restricted)
rElec    .         Reflect  .   A - scarf {cloud immunity}
rCorr    .         Harm     .   d - +0 pair of gloves
MR       .....                  p - +0 pair of boots
Stlth    +.........             C - amulet of regeneration
HPRegen  0.65/turn              e - ring of protection from cold
MPRegen  0.17/turn              q - +5 ring of dexterity

@: confused
A: breathe steam, unfitting armour, cold-blooded, AC +7
a: Breathe Steam, Divine Energy, Channel Magic, Forget Spell, Renounce Religion


You were on level 10 of the Dungeon.
You worshipped Sif Muna.
Sif Muna was greatly pleased with you.
You were not hungry.

You visited 2 branches of the dungeon, and saw 11 of its levels.

You collected 718 gold pieces.
You spent 231 gold pieces at shops.

Inventory:

Hand Weapons
 c - a +0 dagger
 n - a +1 dagger of venom
 t - a +6 club
 z - a +3 short sword
 P - a +2 hand axe of venom (weapon)
 U - a +3 dagger of chaos
Missiles
 a - 200 stones (quivered)
 h - 5 poisoned javelins
 i - 53 sling bullets
 k - 45 poisoned needles
Armour
 d - a +0 pair of gloves (worn)
 j - the +1 cloak of Kiaqazit {*Slow +Blink rElec MR++}
   (You found it on level 5 of the Dungeon)

   It insulates you from electricity.
   It affects your resistance to hostile enchantments.
   It lets you blink.
   It may slow you when you take damage.
 p - a +0 pair of boots (worn)
 A - a scarf of cloud immunity (worn)
 R - a +0 buckler
Magical Staves
 x - an uncursed staff of fire {unknown}
Jewellery
 e - a ring of protection from cold (left hand)
 q - a +5 ring of dexterity (right hand)
 C - an amulet of regeneration (around neck)
 E - an uncursed amulet of rage
 N - an uncursed ring of flight
Wands
 o - a wand of scattershot (7)
 r - a wand of paralysis (13)
 B - a wand of acid (15)
 Q - a wand of polymorph (4)
Scrolls
 l - 2 scrolls of teleportation
 m - 3 scrolls of magic mapping
 w - 2 scrolls of enchant armour {unknown}
 y - 3 scrolls of fear
 D - 4 scrolls of enchant weapon
 F - a scroll of noise {unknown}
 G - a scroll of immolation {unknown}
 J - a scroll of fog {unknown}
 K - a scroll of amnesia
 M - 2 scrolls of remove curse
 O - a scroll of identify
 T - a scroll of blinking
Potions
 f - 6 potions of flight
 g - 2 potions of lignification
 s - a potion of degeneration {unknown}
 u - 2 potions of agility
 v - a potion of ambrosia
 H - 3 potions of mutation {unknown}
 I - 2 potions of haste {unknown}
 L - 2 potions of might {unknown}
 S - a potion of brilliance {unknown}
Comestibles
 b - 18 rations


   Skills:
 * Level 9.2 Fighting
 - Level 2.0 Dodging
 - Level 2.0 Stealth
 - Level 7.0 Spellcasting
 - Level 8.0 Conjurations
 - Level 8.0 Fire Magic
 * Level 4.4 Air Magic
 * Level 6.4 Evocations


You had 9 spell levels left.
You knew the following spells:

 Your Spells              Type           Power        Failure   Level  Hunger
a - Flame Tongue          Conj/Fire      #####        1%          1    None
b - Throw Flame           Conj/Fire      #####.       1%          2    None
c - Conjure Flame         Conj/Fire      #####...     1%          3    #......
d - Static Discharge      Conj/Air       ####....     2%          3    #......
e - Fireball              Conj/Fire      #####.....   11%         5    #####..

Your spell library contained the following spells:

 Spells                   Type           Power        Failure   Level  Hunger
 Shock                    Conj/Air       ####         1%          1    None
 Sticky Flame             Conj/Fire      #####...     3%          4    ###....
 Swiftness                Chrm/Air       ###.....     6%          2    None
 Inner Flame              Hex/Fire       ###.....     6%          3    #......
 Confusing Touch          Hex            #.....       10%         1    None
 Airstrike                Air            ###.......   16%         4    ###....
 Lightning Bolt           Conj/Air       ####......   22%         5    #####..
 Confuse                  Hex            #.......     30%         3    #......
 Gell's Gravitas          Tloc           #.........   30%         3    #......
 Petrify                  Tmut/Erth      #.......     69%         4    ###....
 Metabolic Englaciation   Hex/Ice        #.........   95%         5    #####..
 Yara's Violent Unravell  Hex/Tmut       #.........   95%         5    #####..


Dungeon Overview and Level Annotations

Branches:
Dungeon (10/15)            Temple (1/1) D:4            Lair (0/6) D:10
    Orc: D:9-12

Altars:
Ashenzari
Cheibriados
Dithmenos
Elyvilon
Fedhas
Gozag
Hepliaklqana
Kikubaaqudgha
Makhleb
Nemelex Xobeh
Okawaru
Qazlal
Ru
Sif Muna
Trog
Uskayaw
Vehumet
Wu Jian
Xom
Yredelemnul
Zin
The Shining One

Shops:
D:5 ?   D:9 }   D:10 %

Annotations:
D:9 3 runed translucent doors, Sair's ghost, novice CeHu; robbits's ghost, novice GnBe
D:10 Snorg


Innate Abilities, Weirdness & Mutations

You can breathe blasts of scalding, opaque steam.
Your pale cyan-grey scales are hard. (AC +7)
You cannot fit into any form of body armour.
You are cold-blooded and may be slowed by cold attacks.


Message History

Aim: Snorg (severely wounded)
The flame tongue hits Snorg.
Snorg is severely wounded.
Snorg bites you! Snorg claws you. x2
* * * LOW HITPOINT WARNING * * *
You are confused.
You feel invigorated. Snorg bites you!
* * * LOW HITPOINT WARNING * * *
Snorg claws you.
* * * LOW HITPOINT WARNING * * *
Snorg claws you!
* * * LOW HITPOINT WARNING * * *
You're too confused!
You bump into the rock wall.
Snorg misses you. Snorg claws you!
* * * LOW HITPOINT WARNING * * *
Snorg barely misses you.
You're too confused to move!
Snorg closely misses you. Snorg claws you!
* * * LOW HITPOINT WARNING * * *
Snorg claws you!
You die...

####
##............ #
#.#...#.....##
....#.........##
###....).....#
##.........#
###.#....##
####.###
#.####### #
#@....... .#
#T#######).####
#.......)......
#########......
.##.. .. #. .. #


You could see Snorg.

Vanquished Creatures
  A two-headed ogre (D:8)
  Psyche (D:10)
  A hornet (D:9)
  A queen bee (D:9)
  A hippogriff (D:7)
  4 yaks
  A human (D:9)
  4 orc warriors
  A black bear (D:8)
  A phantom (D:7)
  4 ice beasts
  A sky beast (D:6)
  2 necrophages
  3 ogres
  2 centaurs
  A big kobold (D:10)
  9 bullfrogs
  5 scorpions
  32 killer bees
  7 wights
  7 crimson imps
  2 howler monkeys (D:6)
  A centaur zombie (D:8)
  2 jellies
  2 hounds
  5 orc wizards
  4 orc priests
  A centaur skeleton (D:9)
  5 iguanas
  Ijyb (D:4)
  4 worker ants
  2 hound skeletons
  8 adders
  6 gnolls (D:9)
  An adder zombie (D:9)
  3 worms
  2 dart slugs
  5 leopard geckos
  21 orcs
  6 bats
  4 giant cockroaches (D:1)
  10 goblins
  7 hobgoblins
  2 jackals (D:5)
  6 quokkas
  6 ball pythons
  13 kobolds
  A leopard gecko skeleton (D:6)
  11 rats
230 creatures vanquished.

Vanquished Creatures (others)
  5 withered plants (D:9)
5 creatures vanquished.

Grand Total: 235 creatures vanquished

Notes
Turn   | Place    | Note
-------+----------+-------------------------------------------
     0 | D:1      | Fortress the Draconian Fire Elementalist began the quest
                  | for the Orb.
     0 | D:1      | Reached XP level 1. HP: 14/14 MP: 3/3
   323 | D:1      | Reached XP level 2. HP: 20/20 MP: 0/5
   567 | D:1      | Reached XP level 3. HP: 8/26 MP: 0/6
  1657 | D:2      | Reached XP level 4. HP: 33/33 MP: 1/8
  2507 | D:4      | Noticed Ijyb
  2509 | D:4      | Reached XP level 5. HP: 38/38 MP: 6/10
  2515 | D:4      | Killed Ijyb
  2585 | D:4      | Found a staircase to the Ecumenical Temple.
  2590 | Temple   | Entered the Ecumenical Temple
  2785 | Temple   | Became a worshipper of Sif Muna the Loreminder
  3174 | D:5      | Entered Level 5 of the Dungeon
  3174 | D:5      | Found Apawutwo's Magic Scroll Emporium.
  3204 | D:5      | Bought a scroll of fear for 49 gold pieces
  3204 | D:5      | Bought a scroll of fear for 49 gold pieces
  3204 | D:5      | Bought a scroll of fear for 49 gold pieces
  3204 | D:5      | Bought a scroll of identify for 28 gold pieces
  3204 | D:5      | Bought a scroll of identify for 28 gold pieces
  3204 | D:5      | Bought a scroll of identify for 28 gold pieces
  3260 | D:5      | Got a fine cloak
  3266 | D:5      | Identified the +1 cloak of Kiaqazit {*Slow +Blink rElec
                  | MR++} (You found it on level 5 of the Dungeon)
  3315 | D:5      | Reached XP level 6. HP: 33/45 MP: 4/11
  3635 | D:5      | Found a radiant altar of Vehumet.
  3641 | D:5      | Found a bloodstained altar of Trog.
  3642 | D:5      | Found a hide-covered altar of Uskayaw.
  3644 | D:5      | Found an iron altar of Okawaru.
  3646 | D:5      | Found a sacrificial altar of Ru.
  4092 | D:6      | Reached skill level 5 in Fire Magic
  4097 | D:6      | Reached * piety under Sif Muna
  4097 | D:6      | Your scales start taking on a pale cyan-grey colour.
  4097 | D:6      | Reached XP level 7. HP: 39/49 MP: 6/13
  4131 | D:6      | Learned a level 2 spell: Throw Flame
  4135 | D:6      | Learned a level 3 spell: Conjure Flame
  4177 | D:6      | Reached skill level 5 in Spellcasting
  4209 | D:6      | HP: 1/49 [iguana (8)]
  4350 | D:6      | Reached XP level 8. HP: 32/57 MP: 5/16
  4418 | D:6      | Reached ** piety under Sif Muna
  4456 | D:6      | Reached skill level 5 in Conjurations
  5346 | D:7      | Noticed a hippogriff
  5467 | D:7      | Killed a hippogriff
  5467 | D:7      | Reached *** piety under Sif Muna
  5555 | D:7      | Reached XP level 9. HP: 53/62 MP: 11/19
  5922 | D:8      | Noticed a two-headed ogre
  5964 | D:8      | Reached skill level 1 in Fighting
  5982 | D:7      | Reached skill level 2 in Fighting
  6376 | D:8      | Reached skill level 3 in Fighting
  6628 | D:8      | Reached skill level 4 in Fighting
  6651 | D:8      | Learned a level 3 spell: Static Discharge
  6699 | D:8      | Killed a two-headed ogre
  6699 | D:8      | Reached skill level 5 in Fighting
  7092 | D:8      | Reached **** piety under Sif Muna
  7092 | D:8      | Reached XP level 10. HP: 83/83 MP: 16/20
  7237 | D:8      | Found an opulent altar of Gozag.
  7249 | D:8      | Reached skill level 6 in Fighting
  7402 | D:9      | Found a runed translucent gate.
  7402 | D:9      | Found a runed translucent gate.
  7402 | D:9      | Found a runed translucent gate.
  7402 | D:9      | Noticed robbits's ghost (novice GnBe)
  7421 | D:9      | Found a deep blue altar of Sif Muna.
  7427 | D:9      | Noticed Sair's ghost (novice CeHu)
  7438 | D:9      | Paralysed by a hornet for 1 turns
  7441 | D:9      | Paralysed by a hornet for 1 turns
  7451 | D:9      | Reached skill level 1 in Air Magic
  7648 | D:9      | Found Tuzaka's Gadget Emporium.
  7870 | D:9      | Learned a level 5 spell: Fireball
  7910 | D:9      | Reached skill level 5 in Evocations
  8209 | D:9      | Found the +10 large shield of Ignorance {rN+ Int-4}
  8356 | D:9      | Reached skill level 7 in Fighting
  8851 | D:9      | Reached skill level 8 in Fighting
  8862 | D:9      | HP: 4/88 [poisoned by a killer bee]
  8867 | D:9      | HP: 3/88 [poisoned by a killer bee]
  8872 | D:9      | HP: 3/88 [poisoned by a killer bee]
  8879 | D:9      | HP: 4/88 [poisoned by a killer bee]
  9213 | D:10     | Entered Level 10 of the Dungeon
  9256 | D:10     | Found Uphohot's Food Shop.
  9405 | D:10     | Noticed a death yak
  9405 | D:10     | Noticed a death yak
  9542 | D:10     | Noticed Psyche
  9568 | D:10     | Killed Psyche
  9568 | D:10     | Reached skill level 9 in Fighting
  9615 | D:10     | Found a staircase to the Lair.
  9668 | D:10     | Noticed Snorg
  9686 | D:10     | HP: 4/91 [Snorg (8)]
  9689 | D:10     | Slain by Snorg

Skill      XL: |  1  2  3  4  5  6  7  8  9 10 |
---------------+-------------------------------+-----
Stealth        | 2 |  2.0
Dodging        | 2 |  2.0
Spellcasting   | 3 4 5 7 |  7.0
Conjurations   | 2 3 4 6 8 |  8.0
Fire Magic     | 4 5 6 7 8 |  8.0
Fighting       | 5 9 |  9.2
Evocations     | 4 6 |  6.4
Air Magic      | 4 |  4.4

Action                   |  1- 3 |  4- 6 |  7- 9 | 10-12 || total
-------------------------+-------+-------+-------+-------++-------
Melee: Dagger            |    56 |    69 |   113 |       ||   238
       Tailslap          |     5 |     2 |    10 |    15 ||    32
       Hand axe          |       |       |       |   138 ||   138
 Cast: Flame Tongue      |    63 |    74 |   201 |   164 ||   502
       Throw Flame       |       |       |    33 |    16 ||    49
       Conjure Flame     |       |       |     3 |     6 ||     9
       Static Discharge  |       |       |       |     6 ||     6
       Fireball          |       |       |       |     3 ||     3
  Use: Scroll            |     6 |     8 |     3 |     2 ||    19
       Potion            |       |       |     4 |     3 ||     7
 Stab: Sleeping          |       |     2 |       |       ||     2
  Eat: Chunk             |     3 |     5 |     2 |     2 ||    12
       Ration            |       |     1 |     2 |     2 ||     5
Armor: Skin              |    23 |    22 |    80 |   121 ||   246
Dodge: Dodged            |    45 |    45 |   146 |   220 ||   456
